 Dungeon Crawl Stone Soup version 0.32-a0-931-g5a2cda0630 (webtiles) character file.

Game seed: 14586342343242967159

7094 packetloss the Basher (level 11, -10/87 HPs)
             Began as a Coglin Gladiator on Apr 13, 2024.
             Was a Believer of the Shining One.
             Killed from afar by a kobold blastminer (23 damage)
             ... with an iron shot
             ... on level 2 of the Orcish Mines.
             The game lasted 00:44:49 (10961 turns).

packetloss the Basher (Coglin Gladiator)           Turns: 10961, Time: 00:44:49

Health: -10/87     AC: 29    Str: 15    XL:     11   Next: 9%
Magic:  14/14      EV:  5    Int:  7    God:    the Shining One [**....]
Gold:   952        SH:  0    Dex: 20    Spells: 10/10 levels left

rFire   . . .        E - +0 flail (protect) {Lucía}
rCold   . . .        H - +1 whip (venom) {Jacinta}
rNeg    + . .        x - +7 plate armour of Cophopro {Str-3 Dex+3 Stlth+}
rPois   .            c - +0 helmet
rElec   .            (no cloak)
rCorr   .            K - +0 pair of gloves
SInv    .            (no boots)
Will    .....        (amulet unavailable) Stlth
                     (ring unavailable)
HPRegen 0.34/turn    (ring unavailable)
MPRegen 0.14/turn    (no gizmo)

%: no passive effects
@: under a protective aura, glowing, revving
A: off-hand wielding, slow wielding, warmup strikes, no jewellery
a: Invent Gizmo, Renounce Religion, Divine Shield


You were on level 2 of the Orcish Mines.
You worshipped the Shining One.
The Shining One was pleased with you.
You visited 3 branches of the dungeon, and saw 13 of its levels.
You also visited: Sewer.

You collected 952 gold pieces.

Inventory:

Hand Weapons
 a - a +0 flail {Ujjalroop}
 f - a +0 dagger {Navbir}
 l - a +0 mace {Yashnoor}
 r - a +0 flail
 s - a +0 whip
 E - a +0 flail of protection (weapon) {Lucía}
 H - a +1 whip of venom (offhand) {Jacinta}
 N - a +0 morningstar
Missiles
 d - 4 throwing nets (quivered)
 e - 12 javelins
 g - 11 poisoned darts
 L - a curare-tipped dart
Armour
 c - a +0 helmet (worn)
 o - a +0 plate armour
 x - the +7 plate armour of Cophopro (worn) {Str-3 Dex+3 Stlth+}
   (You found it on level 2 of the Dungeon)

   Str-3:     It affects your strength (-3).
   Dex+3:     It affects your dexterity (+3).
   Stlth+:    It makes you more stealthy.
 J - +0 steam dragon scales
 K - a +0 pair of gloves (worn)
Magical Staves
 k - a staff of air
 B - a staff of earth
Talismans
 m - a beast talisman
Wands
 b - a wand of acid (3)
 i - a wand of iceblast (5)
Scrolls
 h - a scroll of brand weapon {unknown}
 n - a scroll of fog {unknown}
 p - 2 scrolls of fear {unknown}
 u - a scroll of vulnerability {unknown}
 w - 2 scrolls of amnesia {unknown}
 y - 3 scrolls of revelation {unknown}
 C - a scroll of enchant weapon {unknown}
 D - a scroll of silence {unknown}
 F - a scroll of blinking {unknown}
Potions
 j - 4 potions of heal wounds
 q - 3 potions of brilliance
 t - 4 potions of degeneration {unknown}
 v - 5 potions of enlightenment
 z - 4 potions of curing
 A - a potion of berserk rage
 G - 2 potions of haste {unknown}
 I - a potion of mutation {unknown}
 M - a potion of ambrosia {unknown}


   Skills:
 + Level 8.5 Fighting
 + Level 10.1 Maces & Flails
 - Level 2.1 Throwing
 + Level 7.3 Armour
 - Level 3.0 Dodging
 + Level 4.5 Invocations


You had 10 spell levels left.
You didn't know any spells.
Your spell library contained the following spells:

 Spells                   Type           Power      Damage    Failure   Level
 Magic Dart               Conj           0%         1d3       100%        1
 Blink                    Tloc           0%         N/A       100%        2
 Call Imp                 Summ           0%         N/A       100%        2
 Scorch                   Fire           0%         2d5       100%        2
 Flame Wave               Conj/Fire      0%         2d4       100%        4
 Summon Cactus Giant      Summ           0%         N/A       100%        6


Dungeon Overview and Level Annotations

Branches:
Dungeon (10/15)            Temple (1/1) D:5             Orc (1/2) D:9
  Sewer (visited)
   Lair: D:8-11

Altars:
Ashenzari
Cheibriados
Dithmenos
Elyvilon
Fedhas
Gozag
Hepliaklqana
Kikubaaqudgha
Makhleb
Nemelex Xobeh
Okawaru
Qazlal
Sif Muna
Trog
Uskayaw
Vehumet
Wu Jian
Xom
Yredelemnul
Zin
The Shining One
Beogh

Shops:
D:3 [

Annotations:
D:4 Dowan; Duvessa
D:5 3 runed translucent doors, Rennog's ghost, amateur OpSh
D:7 3 runed translucent doors, avangion's ghost, novice MiFi


Innate Abilities, Weirdness & Mutations

You can wield a second weapon in your off-hand.
It takes a long time for you to wield or remove held weapons.
Your first few attacks do less damage.
You cannot equip rings or amulets.


Message History

You now have 887 gold pieces (gained 34).
You now have 916 gold pieces (gained 29).
Items here: )) [[ †.
There is a stone staircase leading down here.
You now have 927 gold pieces (gained 11).
You now have 952 gold pieces (gained 25).
A malevolent force fills the Orcish Mines...
You fall into a shaft and drop 1 floor!
The shaft crumbles and collapses.
An orc, an orc priest and 2 kobold blastminers come into view.
The orc shouts!
The orc priest shouts!
The kobold blastminer shouts! x2
You hear a shout! x5
Unknown command.
Okay, then.
Okay, then.
The kobold blastminer wields a +0 orcbow.
The kobold blastminer shoots an arrow.
The arrow barely misses you.
The orc priest miscasts a cantrip.
The kobold blastminer wields a +0 arbalest.
The kobold blastminer shoots a bolt.
The bolt closely misses you.
The kobold blastminer blasts its cannon at you.
The iron shot hits you.
The kobold blastminer is knocked back by the blast.
The kobold blastminer shoots a bolt.
The bolt hits you but does no damage.
The kobold blastminer blasts its cannon at you.
The iron shot hits you!!!
You hit the kobold blastminer but do no damage.
The kobold blastminer is poisoned.
You closely miss the kobold blastminer with your +0 flail of protection.
The kobold blastminer shoots a bolt.
The bolt hits you!
You hit the kobold blastminer with your +1 whip of venom.
The kobold blastminer is lightly wounded.
You hit the kobold blastminer with your +0 flail of protection.
Your weapon exudes an aura of protection.
The kobold blastminer blasts its cannon at you.
The iron shot hits you!!
* * * LOW HITPOINT WARNING * * *
The kobold blastminer blasts its cannon at you.
The iron shot hits you!!
You die...

### ##########
#...#....#..K###.#.
.....o.....@.......
...................
.............K.....
...................
.......o...........
...................
...................
................#..
....$....$.......


You could see 2 kobold blastminers, an orc priest and an orc.

Vanquished Creatures
  2 orc sorcerers (Orc:1)
  3 trolls
  Grinder (D:6)
  A shadow (D:10)
  2 wyverns (D:9)
  3 vampire mosquitoes (D:10)
  2 steam dragons
  A water moccasin (D:7)
  A sky beast (D:7)
  4 orc warriors
  An ogre (D:9)
  A black bear (D:6)
  2 centaurs
  3 wolves (D:10)
  A phantom (D:2)
  4 kobold brigands
  2 bullfrogs
  2 gnoll sergeants (D:9)
  5 scorpions
  9 killer bees
  6 howler monkeys
  5 bombardier beetles
  8 orc priests
  3 gnoll boudas
  7 hounds
  3 jellies
  A sleepcap (D:5)
  4 iguanas
  11 orc wizards
  17 gnolls
  6 adders
  9 river rats
  A white imp (D:5)
  2 ufetubi (D:5)
  2 dart slugs
  47 orcs
  7 ball pythons
  6 bats
  4 endoplasms
  7 giant cockroaches
  15 hobgoblins
  5 jackals
  25 kobolds
  11 quokkas
  8 frilled lizards
  3 goblins
  29 rats
302 creatures vanquished.

Notes
Turn   | Place    | Note
-------+----------+-------------------------------------------
     0 | D:1      | packetloss the Coglin Gladiator began the quest for the
                  | Orb.
     0 | D:1      | Reached XP level 1. HP: 16/16 MP: 1/1
    83 | D:1      | Reached XP level 2. HP: 22/22 MP: 2/2
    84 | D:1      | Reached skill level 2 in Throwing
   222 | D:1      | Reached skill level 3 in Dodging
   235 | D:1      | Reached skill level 3 in Maces & Flails
   235 | D:1      | Reached XP level 3. HP: 28/28 MP: 3/3
   785 | D:2      | Noticed a phantom
   949 | D:2      | You fall into a shaft and drop 2 floors!
  1198 | D:3      | HP: 7/28 [burnt (6)]
  1199 | D:3      | Reached skill level 4 in Maces & Flails
  1199 | D:3      | Reached XP level 4. HP: 9/34 MP: 4/4
  1417 | D:3      | Reached XP level 5. HP: 39/39 MP: 5/5
  1802 | D:2      | Killed a phantom
  1803 | D:2      | Reached skill level 5 in Maces & Flails
  1871 | D:2      | Reached XP level 6. HP: 44/46 MP: 6/6
  1928 | D:2      | Identified the +7 plate armour of Cophopro {Str-3 Dex+3
                  | Stlth+}
  2393 | D:3      | Found Wisam's Armour Emporium.
  2649 | D:4      | Noticed a black bear
  2734 | D:4      | Noticed Duvessa
  2734 | D:4      | Noticed Dowan
  2882 | D:4      | Reached skill level 6 in Maces & Flails
  2928 | D:5      | Entered Level 5 of the Dungeon
  2933 | D:5      | Found an ancient bone altar of Kikubaaqudgha.
  2996 | D:4      | Reached XP level 7. HP: 29/51 MP: 7/7
  3154 | D:5      | Found a glowing drain.
  3175 | Sewer    | Entered a sewer
  3540 | Sewer    | Found a white marble altar of Elyvilon.
  3600 | D:5      | Reached skill level 1 in Armour
  3611 | D:5      | Reached skill level 3 in Fighting
  3611 | D:5      | Reached skill level 7 in Maces & Flails
  3637 | D:6      | Noticed Grinder
  3639 | D:6      | Paralysed by Grinder for 4 turns
  3654 | D:6      | Paralysed by Grinder for 2 turns
  3662 | D:6      | Killed Grinder
  3663 | D:6      | Reached skill level 2 in Armour
  3841 | D:6      | Reached XP level 8. HP: 50/60 MP: 8/8
  3932 | D:6      | Found a radiant altar of Vehumet.
  3986 | D:5      | Found a runed translucent gate.
  3986 | D:5      | Found a runed translucent gate.
  3986 | D:5      | Found a runed translucent gate.
  3986 | D:5      | Noticed Rennog's ghost (amateur OpSh)
  4089 | D:5      | Reached skill level 4 in Fighting
  4341 | D:5      | Reached skill level 3 in Armour
  4440 | D:5      | Found a staircase to the Ecumenical Temple.
  4446 | Temple   | Entered the Ecumenical Temple
  4455 | Temple   | Became a worshipper of the Shining One
  5315 | D:6      | Reached skill level 5 in Fighting
  5315 | D:6      | Reached skill level 8 in Maces & Flails
  5459 | D:6      | Reached skill level 4 in Armour
  5573 | D:6      | Reached XP level 9. HP: 65/68 MP: 9/9
  5833 | D:7      | Found a runed translucent gate.
  5833 | D:7      | Found a runed translucent gate.
  5833 | D:7      | Found a runed translucent gate.
  5860 | D:7      | Noticed avangion's ghost (novice MiFi)
  6049 | D:7      | Found a snail-covered altar of Cheibriados.
  6315 | D:7      | Reached * piety under the Shining One
  6839 | D:7      | Reached skill level 6 in Fighting
  6968 | D:7      | Reached skill level 5 in Armour
  7313 | D:9      | Found a bloodstained altar of Trog.
  7702 | D:8      | Reached skill level 1 in Invocations
  7834 | D:8      | Reached skill level 9 in Maces & Flails
  8021 | D:8      | Found a shimmering blue altar of Sif Muna.
  8093 | D:9      | Found a hazy altar of Hepliaklqana.
  8135 | D:8      | Reached skill level 2 in Invocations
  8334 | D:9      | Reached skill level 7 in Fighting
  8396 | D:9      | Reached XP level 10. HP: 79/79 MP: 11/11
  8631 | D:9      | Found a staircase to the Orcish Mines.
  8650 | D:8      | Reached skill level 6 in Armour
  8904 | D:9      | HP: 16/79 [kobold brigand/+0 short sword (5)]
  9395 | D:9      | HP: 11/79 [poisoned by a kobold brigand (curare-tipped
                  | dart)]
  9656 | D:9      | Reached skill level 3 in Invocations
  9825 | D:10     | Entered Level 10 of the Dungeon
  9921 | D:10     | Noticed a gargoyle
 10335 | D:10     | Reached skill level 8 in Fighting
 10383 | D:10     | Reached ** piety under the Shining One
 10496 | Orc:1    | Entered Level 1 of the Orcish Mines
 10513 | Orc:1    | Noticed an orc sorcerer
 10528 | Orc:1    | Noticed a rust devil
 10528 | Orc:1    | Killed an orc sorcerer
 10529 | Orc:1    | Reached skill level 7 in Armour
 10529 | Orc:1    | Reached skill level 4 in Invocations
 10661 | Orc:1    | Reached skill level 10 in Maces & Flails
 10725 | Orc:1    | Reached XP level 11. HP: 69/87 MP: 14/14
 10798 | Orc:1    | Found a roughly hewn altar of Beogh.
 10837 | Orc:1    | Noticed an orc sorcerer
 10847 | Orc:1    | Killed an orc sorcerer
 10955 | Orc:1    | You fall into a shaft and drop 1 floor!
 10955 | Orc:2    | Entered Level 2 of the Orcish Mines
 10961 | Orc:2    | HP: 13/87 [kobold blastminer/iron shot (25)]
 10961 | Orc:2    | Killed from afar by a kobold blastminer

Illustrated notes

Levels and vault maps discovered:
D:1:      amcnicky_arrival_blooded_trapdoor, layout_basic
D:2:      layout_basic, hangedman_feature_mirror, kennysheep_doodads
D:3:      layout_loops_cross, serial_shops, shop
D:4:      dreamdust_elfheim, layout_basic, minmay_misc_feat_columns
D:5:      layout_loops_ring, mainiacjoe_overflow_alcove_1, temple_green,
          ebering_ghost_rock_garden, portal_sewer_entry_f
D:6:      lemuel_ratsnest, layout_loops_corners, vehumet_crystals,
          nicolae_letterblocks [nicolae_letter_subblock,
          nicolae_letter_subblock, nicolae_letter_subblock,
          nicolae_letter_subblock, nicolae_letter_subblock,
          nicolae_letter_subblock, nicolae_letter_subblock,
          nicolae_letter_subblock, nicolae_letter_subblock,
          nicolae_letter_subblock, nicolae_letter_subblock,
          nicolae_letter_subblock, nicolae_letter_subblock,
          nicolae_letter_subblock, nicolae_letter_subblock,
          nicolae_letter_subblock, nicolae_letter_subblock,
          nicolae_letter_subblock, nicolae_letter_subblock,
          nicolae_letter_subblock, nicolae_letter_subblock,
          nicolae_letter_subblock, nicolae_letter_subblock,
          nicolae_letter_subblock, nicolae_letter_subblock], uniq_grinder
D:7:      layout_basic, chei_slow_surprise, gammafunk_ghost_icy
D:8:      layout_basic, led_sif_pool
D:9:      layout_basic, trog_three_pillars_becter,
          worldfamousw_hep_ancestral_shrine,
          kennysheep_orc_monster_closet_entryway, statue_in_the_mist_lemuel
D:10:     layout_roguey, nicolae_ru_the_path_less_chosen, erik_lair_island
Temple:   hellmonk_temple_two_chambers
Orc:1:    layout_caves, basic_altar
Orc:2:    pf_orc_diabolical, layout_caves, serial_shops, shop,
          biasface_ghost_orc_armoury

Skill      XL: |  1  2  3  4  5  6  7  8  9 10 |
---------------+-------------------------------+-----
Throwing       | 2 |  2.1
Dodging        | 3 |  3.0
Maces & Flails | 3 4 5 6 7 8 9 10 | 10.1
Armour         | 2 4 5 7 |  7.3
Fighting       | 3 5 7 8 |  8.5
Invocations    | 2 4 |  4.5

Action                     |  1- 3 |  4- 6 |  7- 9 | 10-12 || total
---------------------------+-------+-------+-------+-------++-------
  Melee: Flail             |    80 |   105 |   401 |   206 ||   792
         Dagger            |    53 |       |       |       ||    53
         Mace              |    18 |    98 |   322 |       ||   438
         Whip              |       |       |    82 |   192 ||   274
  Evoke: Wand              |       |       |       |     2 ||     2
    Use: Scroll            |       |     3 |     2 |     3 ||     8
         Potion            |       |       |       |     5 ||     5
 Armour: Leather armour    |    25 |       |       |       ||    25
         Scale mail        |    11 |    33 |       |       ||    44
         Plate armour      |       |    76 |   439 |   236 ||   751
  Dodge: Dodged            |    51 |    47 |    64 |    64 ||   226

Table legend: (Time is in decaauts)
 A = Elapsed time spent in this place.
 B = Non-inter-level travel time spent in this place.
 C = Inter-level travel time spent in this place.
 D = Time resting spent in this place.
 E = Time spent auto-exploring this place.
 F = Levels seen in this place.
 G = Mean time per level.
                   A        B        C        D        E       F      G
               +--------+--------+--------+--------+--------+-----+--------+
         Total |  11091 |  10609 |    482 |   1825 |   5407 |  14 |  792.2 |
       Dungeon |  10235 |   9788 |    447 |   1644 |   5216 |  10 | 1023.5 |
        Temple |     18 |     10 |      8 |      0 |      0 |   1 |   18.0 |
  Orcish Mines |    353 |    326 |     27 |     57 |     61 |   2 |  176.5 |
         Sewer |    483 |    483 |      0 |    124 |    130 |   1 |  483.0 |
               +--------+--------+--------+--------+--------+-----+--------+

Top non-repeatable levels by time:
     D:9: 1605 daAuts
     D:7: 1402 daAuts
     D:8: 1365 daAuts
     D:6: 1182 daAuts
     D:3: 1100 daAuts
     D:5: 971 daAuts
     D:1: 826 daAuts
     D:4: 685 daAuts
     D:2: 639 daAuts
   Sewer: 483 daAuts
    D:10: 457 daAuts
   Orc:1: 348 daAuts
  Temple: 18 daAuts
   Orc:2: 5 daAuts
